Map: 中心协议

Players

shengy - Winner!

  • Race: Zerg Zerg
  • League: Platinum

Osnap

  • Race: Zerg Zerg
  • League: Platinum

VOD

Have the link to the VOD?

Description

Time

  • Played on: Dec. 29, 2015, 12:04 a.m.
  • Length: 19:14
Show
View Real Time Build Order
Export as new Build Order

shengy Zerg - Winner!

Build Orders: Hatch First, Muta Ling Bane, Zergling Baneling 

Get SALT Encoding   

  12  0:01  Drone  
  13  0:08  Drone  
  14  0:17  Overlord  
  14  0:35  Drone  
  14  0:36  Drone x2  
  17  0:47  Drone  
  18  1:00  Hatchery  
  17  1:04  Drone  
  17  1:10  Drone  
  19  1:20  Spawning Pool  
  19  1:21  Extractor  
  19  1:23  Drone  
  18  1:30  Overlord  
  18  1:40  Drone  
  19  1:53  Drone  
  20  2:01  Drone  
  20  2:06  Queen  
  23  2:12  Queen  
  23  2:13  Drone  
  26  2:26  Zergling x4  
  26  2:27  Metabolic Boost, Zergling x2  
  29  2:45  Baneling Nest  
  28  2:54  Drone x2  
  28  2:55  Evolution Chamber, Extractor  
  28  2:56  Drone  
  28  2:57  Drone x2  
  31  3:12  Overlord x2  
  31  3:14  Drone  
  32  3:23  Zerg Melee Weapons Level 1  
  32  3:28  Drone x2  
  33  3:58  Roach Warren  
  33  4:02  Drone x10  
  43  4:07  Extractor  
  43  4:08  Lair  
  42  4:17  Baneling x3  
  42  4:18  Baneling  
  42  4:25  Zergling x8  
  42  4:26  Zergling x4  
  48  4:38  Zergling x8  
  49  4:40  Overlord  
  49  4:44  Baneling x2  
  49  4:45  Baneling x2, Spine Crawler  
  49  5:02  Overlord x2  
  49  5:11  Drone x2  
  49  5:13  Extractor  
  50  5:16  Spire, Overlord x2  
  47  5:27  Overseer  
  47  5:29  Drone  
  47  5:30  Drone x5  
  53  5:52  Zerg Ground Armor Level 1  
  53  5:55  Centrifical Hooks  
  53  6:10  Spine Crawler  
  52  6:11  Spine Crawler  
  52  6:12  Spine Crawler x2  
  52  6:13  Spine Crawler  
  52  6:14  Spine Crawler  
  47  6:23  Drone  
  47  6:24  Drone x6  
  54  6:26  Drone  
  55  6:33  Baneling x2  
  55  7:07  Overseer  
  55  7:12  Mutalisk  
  55  7:13  Mutalisk x8  
  73  7:20  Mutalisk  
  75  7:28  Drone x2  
  75  7:29  Drone  
  78  7:46  Overlord  
  78  7:47  Drone  
  78  7:48  Drone x5  
  84  7:58  Overlord  
  84  7:59  Overlord x2  
  84  8:06  Extractor  
  84  8:07  Hatchery  
  84  8:10  Extractor  
  81  8:25  Zergling x2  
  81  8:26  Zergling x14  
  89  8:47  Zerg Ground Armor Level 2  
  87  8:52  Evolution Chamber  
  81  9:08  Zergling x12  
  81  9:09  Zergling x10  
  88  9:22  Mutalisk x6  
  100  9:41  Baneling  
  100  9:42  Baneling x8  
  100  9:47  Hydralisk Den  
  100  9:49  Drone, Roach Warren  
  100  9:50  Drone x8  
  107  10:06  Queen  
  105  10:22  Zergling x4  
  105  10:23  Zergling x18  
  116  10:28  Baneling  
  116  10:29  Baneling x27  
  70  11:08  Zergling x20  
  70  11:09  Zergling x2  
  70  11:10  Queen  
  83  11:13  Lair  
  81  11:38  Muscular Augments  
  80  11:55  Hatchery  
  80  11:57  Extractor x2  
  80  12:01  Drone x3  
  80  12:02  Drone x3  
  80  12:03  Zerg Melee Weapons Level 2  
  83  12:12  Infestation Pit  
  78  12:52  Hive  
  78  12:54  Zergling x22  
  78  12:55  Zergling x6  
  92  13:04  Spine Crawler  
  91  13:06  Spine Crawler  
  91  13:07  Spine Crawler  
  91  13:08  Spine Crawler  
  91  13:09  Spine Crawler, Zergling x2  
  91  13:10  Spine Crawler  
  87  13:24  Drone x3  
  87  13:25  Drone x3  
  93  13:46  Baneling x7  
  93  13:47  Baneling x26  
  93  13:51  Lurker Den  
  93  13:52  Hydralisk x7  
  107  14:06  Adrenal Glands  
  107  14:15  Overseer, Ultralisk Cavern  
  106  14:18  Overlord  
  106  14:23  Overlord  
  106  14:49  Drone  
  106  14:50  Drone x10  
  117  15:09  Chitinous Plating  
  112  15:42  Ultralisk x2  
  123  15:44  Overlord x4  
  121  16:06  Ultralisk  
  121  16:09  Lurker x4  
  131  16:13  Hatchery, Extractor  
  129  16:22  Ultralisk  
  135  16:31  Zergling x2  
  135  16:32  Zergling x2  
  137  16:38  Queen  
  139  16:42  Ultralisk  
  145  16:50  Lurker x3  
  145  16:52  Extractor  
  145  17:08  Hive  
  145  17:13  Ultralisk  
  145  17:14  Ultralisk  
  153  17:27  Zergling x8  
  153  17:28  Zergling x6  
  157  17:36  Drone x2  
  159  17:39  Overlord x4  
  141  18:24  Ultralisk x4  
  141  18:40  Overlord x2  
  141  18:41  Zergling x2  
  141  18:42  Zergling x14  
  141  18:43  Zergling x2  
  141  19:12  Spine Crawler  
  141  19:13  Spine Crawler x2  
Show
View Real Time Build Order
Export as new Build Order

Osnap Zerg 

Build Orders: Hatch First 

Get SALT Encoding   

  12  0:01  Drone  
  13  0:12  Drone  
  14  0:17  Overlord  
  14  0:21  Extractor  
  14  0:23  Drone  
  15  0:36  Drone x2  
  17  0:55  Hatchery  
  16  0:58  Drone  
  17  1:14  Drone, Spawning Pool  
  17  1:18  Extractor  
  16  1:27  Drone x2  
  18  1:33  Drone  
  19  1:45  Overlord  
  19  2:00  Queen  
  21  2:03  Zergling x2  
  21  2:06  Drone  
  21  2:07  Queen  
  25  2:17  Drone  
  25  2:18  Drone  
  27  2:27  Drone x2  
  29  2:43  Metabolic Boost  
  29  2:44  Drone x4  
  31  2:48  Queen  
  31  2:50  Overlord  
  35  2:56  Overlord  
  35  3:09  Zergling x2  
  35  3:10  Zergling x2  
  36  3:16  Drone x4  
  40  3:28  Roach Warren  
  39  3:37  Drone x3  
  39  3:38  Drone x2  
  44  3:56  Zergling x10  
  49  4:09  Drone x2  
  51  4:10  Overlord x2  
  51  4:14  Extractor  
  51  4:15  Lair  
  50  4:43  Roach  
  50  4:44  Extractor, Roach x5  
  61  5:03  Roach x3  
  61  5:04  Overlord  
  63  5:31  Glial Reconstitution  
  63  5:33  Roach x6  
  75  5:42  Extractor  
  74  5:51  Evolution Chamber, Drone  
  74  5:52  Drone  
  74  5:53  Evolution Chamber, Overlord x3  
  74  6:01  Overlord x3  
  74  6:07  Hatchery  
  73  6:19  Zerg Missile Weapons Level 1, Zerg Ground Armor Level 1  
  73  6:21  Ravager  
  74  6:26  Drone x6  
  74  6:27  Drone x2  
  74  6:31  Ravager  
  83  6:46  Overseer  
  83  7:12  Ravager x2  
  83  7:13  Ravager x3  
  88  7:23  Spore Crawler  
  88  7:24  Spore Crawler x2  
  82  7:45  Drone x3  
  85  7:53  Spore Crawler  
  85  7:54  Spore Crawler  
  85  7:57  Spore Crawler  
  82  8:01  Spore Crawler, Queen  
  82  8:02  Queen x2  
  87  8:07  Spore Crawler x2, Drone  
  87  8:08  Spore Crawler, Drone  
  84  8:27  Hydralisk Den  
  83  8:54  Queen x2  
  83  9:16  Muscular Augments  
  83  9:17  Hydralisk x3  
  83  9:18  Hydralisk x9  
  83  9:19  Overlord  
  83  9:20  Overlord x3  
  107  9:32  Overlord x3  
  107  9:33  Overlord  
  107  10:05  Overlord x3  
  107  10:07  Hydralisk x3  
  107  10:09  Spore Crawler x2  
  63  11:06  Roach x11  
  63  11:07  Roach x6  
  95  11:17  Ravager  
  95  11:18  Ravager x4  
  88  11:37  Hydralisk x6  
  94  11:57  Hatchery  
  93  12:37  Hydralisk x3  
  93  12:38  Hydralisk x4  
  107  12:59  Hatchery  
  107  13:02  Burrow  
  106  13:34  Drone x2  
  108  14:00  Overlord x4  
  108  14:01  Overlord x2  
  108  14:13  Extractor  
  108  14:16  Extractor  
  106  14:18  Nydus Network  
  105  14:37  Spore Crawler  
  104  14:51  Infestation Pit  
  104  14:52  Overseer  
  103  14:53  Pneumatized Carapace  
  103  14:57  Tunneling Claws  
  103  15:00  Drone x3  
  106  15:08  Queen  
  101  15:48  Drone x2  
  101  16:03  Drone  
  101  16:04  Drone x4  
  104  16:11  Hive  
  106  16:26  Spore Crawler  
  106  16:27  Spore Crawler  
  106  16:28  Spore Crawler  
  106  16:30  Zerg Ground Armor Level 2, Zerg Missile Weapons Level 2  
  103  16:40  Roach x7  
  103  16:42  Roach x9  
  81  17:26  Roach x14  
  99  17:33  Hatchery  
Tags
 
Add a new tag
Caveats
  • Supply blocks, unpowered buildings, or Contaminate may cause inaccurate times.
  • Supply counts are checked every 10 seconds.